Map: 16-Bit LE

Players

Mamba

  • Race: Zerg Zerg
  • Spawn Location: 1:00

HeroMarine - Winner!

  • Race: Terran Terran
  • Spawn Location: 7:00

Event: WCS Valencia 2018

VOD

Have the link to the VOD?

Description

Time

  • Played on: July 12, 2018, 8:08 a.m.
  • Length: 8:58

All games in this series

Show
View Real Time Build Order
Export as new Build Order

Mamba Zerg 

Build Orders: Hatch First 

Get SALT Encoding   

  12  0:01  Drone  
  13  0:12  Overlord  
  13  0:18  Drone  
  14  0:31  Drone x2  
  16  0:35  Drone  
  17  0:53  Hatchery  
  16  0:57  Drone  
  16  1:00  Drone  
  18  1:10  Extractor  
  17  1:16  Spawning Pool  
  16  1:19  Drone  
  16  1:22  Drone  
  18  1:29  Drone  
  19  1:39  Overlord  
  19  2:02  Queen  
  19  2:03  Zergling x4  
  19  2:05  Drone, Queen  
  26  2:12  Metabolic Boost  
  26  2:16  Drone  
  26  2:17  Drone  
  28  2:29  Spore Crawler, Drone x2  
  29  2:37  Drone  
  29  2:38  Spore Crawler, Drone  
  31  2:49  Hatchery  
  31  2:55  Queen  
  33  3:01  Overlord  
  33  3:04  Zergling x2  
  34  3:06  Drone  
  34  3:08  Drone  
  36  3:16  Overlord  
  37  3:20  Drone x4  
  37  3:25  Spore Crawler  
  39  3:33  Overlord  
  40  3:37  Zergling x4  
  40  3:38  Queen  
  44  3:44  Queen  
  46  3:48  Drone x3  
  46  3:49  Drone  
  46  3:55  Drone x2  
  52  3:58  Drone x3  
  55  4:03  Queen  
  55  4:05  Drone  
  55  4:08  Drone x2  
  60  4:10  Drone  
  60  4:16  Drone  
  62  4:17  Queen  
  64  4:26  Zergling x4  
  66  4:34  Overlord x2  
  66  4:42  Overlord x2  
  64  4:50  Zergling x10  
  64  4:56  Zergling x2, Evolution Chamber  
  64  4:57  Zergling x12  
  66  5:01  Drone  
  63  5:07  Drone x5  
  68  5:15  Evolution Chamber, Drone  
  68  5:16  Evolution Chamber  
  68  5:17  Spore Crawler  
  66  5:23  Drone x2  
  64  5:29  Drone x2  
  64  5:33  Extractor  
  64  5:34  Extractor, Drone  
  65  5:40  Drone x3  
  68  5:46  Drone  
  68  5:49  Zerg Ground Armor Level 1, Zerg Melee Weapons Level 1  
  69  5:54  Hatchery, Drone x6  
  69  5:55  Drone  
  75  6:01  Overlord  
  75  6:03  Extractor  
  75  6:04  Extractor  
  73  6:07  Drone x2  
  75  6:12  Drone x2  
  75  6:15  Lair  
  75  6:17  Baneling Nest  
  76  6:18  Drone x3  
  79  6:31  Zergling x2  
  79  6:32  Zergling x12  
  86  6:38  Drone x2  
  88  6:42  Zergling x2  
  88  6:46  Zergling x2  
  90  6:49  Overlord  
  90  6:58  Drone  
  90  6:59  Drone x4  
  93  7:08  Drone  
  94  7:10  Drone x7  
  94  7:13  Centrifical Hooks  
  94  7:14  Hatchery  
  98  7:23  Spire  
  98  7:24  Extractor, Drone x4  
  98  7:27  Zergling x8  
  104  7:30  Zergling x8  
  104  7:34  Baneling x9  
  108  7:37  Baneling x4  
  108  7:38  Zergling x10  
  113  7:48  Zergling x2  
  113  7:49  Zergling x18  
  107  7:57  Zergling x2  
  107  7:58  Zergling x4  
  93  8:06  Zergling x14  
  93  8:12  Baneling x6  
  97  8:19  Drone  
  98  8:20  Zergling x16  
  98  8:26  Overseer, Baneling x4  
  106  8:33  Hatchery  
Show
View Real Time Build Order
Export as new Build Order

HeroMarine Terran - Winner!

Build Orders: Hellion Opening, Reaper Expand, MMM Bio 

Get SALT Encoding   

  12  0:00  SCV  
  13  0:12  SCV  
  14  0:18  Supply Depot  
  14  0:25  SCV  
  15  0:39  SCV  
  15  0:41  Barracks  
  16  0:45  Refinery  
  16  0:51  SCV  
  17  1:03  SCV  
  18  1:16  SCV  
  19  1:28  Reaper, Orbital Command  
  20  1:42  Command Center  
  20  1:53  Supply Depot, SCV  
  21  2:00  Marine  
  22  2:06  SCV  
  23  2:10  Factory  
  23  2:18  SCV  
  24  2:22  Barracks Reactor  
  24  2:30  SCV  
  25  2:42  SCV  
  26  2:44  Command Center  
  26  2:54  SCV  
  27  3:02  Orbital Command  
  29  3:06  Barracks Tech Lab, Hellion  
  29  3:07  Hellion  
  29  3:11  SCV  
  32  3:23  SCV  
  33  3:28  Hellion x2  
  33  3:29  Stimpack  
  33  3:32  Marine  
  33  3:33  SCV  
  39  3:35  SCV  
  40  3:45  SCV  
  40  3:47  SCV  
  42  3:49  Hellion x2  
  46  3:55  Marine  
  46  3:56  Orbital Command  
  46  3:57  SCV  
  46  3:59  SCV  
  49  4:09  SCV  
  50  4:11  SCV  
  50  4:13  Marine  
  50  4:15  Barracks  
  52  4:17  Barracks  
  52  4:20  Factory Reactor  
  52  4:23  SCV x3, Refinery  
  52  4:24  Refinery  
  55  4:30  Supply Depot, Engineering Bay x2  
  55  4:31  Marine  
  55  4:35  SCV x2  
  55  4:36  SCV  
  59  4:47  SCV x2  
  59  4:52  SCV, Marine  
  63  4:59  SCV  
  63  5:00  SCV  
  63  5:04  SCV  
  63  5:09  Terran Infantry Armor Level 1, Terran Infantry Weapons Level 1, Marine  
  63  5:11  SCV  
  63  5:12  Refinery  
  64  5:14  Factory Reactor  
  64  5:16  Starport, SCV, Marine x3  
  64  5:17  Marine, Barracks  
  64  5:18  Barracks  
  68  5:21  Supply Depot  
  68  5:23  Orbital Command  
  68  5:24  SCV  
  68  5:27  Marine  
  65  5:28  SCV  
  65  5:34  Marine x2  
  65  5:36  SCV  
  65  5:37  Combat Shields, Marine  
  65  5:38  Marine  
  65  5:40  SCV  
  69  5:44  Supply Depot  
  69  5:46  Supply Depot  
  69  5:48  SCV  
  70  5:52  SCV x2  
  70  5:53  Supply Depot  
  70  5:54  Supply Depot  
  72  6:00  SCV  
  72  6:02  Factory Tech Lab  
  72  6:03  Medivac x2  
  77  6:05  Barracks Reactor x2  
  77  6:06  SCV x2, Marine x4  
  77  6:07  Marine  
  77  6:11  Barracks Reactor  
  84  6:12  SCV  
  84  6:16  Supply Depot  
  84  6:18  Supply Depot, SCV x2  
  87  6:23  Marine x4  
  87  6:24  SCV  
  87  6:25  Marine  
  93  6:26  Armory  
  93  6:30  SCV x2  
  93  6:32  Refinery  
  95  6:36  SCV  
  95  6:37  Medivac x2  
  100  6:41  Supply Depot, Marine x4  
  100  6:42  SCV  
  100  6:43  Marine  
  100  6:44  Supply Depot  
  100  6:45  Supply Depot  
  106  6:49  SCV  
  106  6:51  Marine x4  
  111  6:59  Marine x4  
  111  7:00  Marine  
  116  7:03  Siege Tank  
  119  7:08  Marine  
  119  7:09  Marine x3  
  119  7:15  Supply Depot  
  123  7:16  Supply Depot  
  123  7:17  Marine x4  
  123  7:18  Marine  
  128  7:26  Marine  
  128  7:27  Marine x3  
  132  7:30  Barracks x2  
  132  7:31  Barracks  
  132  7:35  Marine x4  
  132  7:36  Marine  
  137  7:44  Marine x3  
  138  7:51  Marine  
  138  7:53  Marine x3  
  130  8:00  Marine x2  
  130  8:01  Siege Tank  
  130  8:02  Marine x2  
  130  8:04  Medivac x2  
  137  8:07  Marine  
  137  8:09  Marine  
  137  8:10  Marine  
  140  8:14  Marine x2  
  140  8:15  Command Center  
  140  8:18  Marine, Marauder  
  140  8:19  Supply Depot  
  145  8:20  Barracks Tech Lab x2  
  145  8:21  Barracks Tech Lab  
  145  8:23  Marine  
  146  8:28  Marine  
  146  8:29  Marine x3  
  146  8:32  Marine x2  
  152  8:35  Supply Depot  
  152  8:36  Marine  
  162  8:42  Supply Depot  
Tags
 
Add a new tag
Caveats
  • Supply blocks, unpowered buildings, or Contaminate may cause inaccurate times.
  • Supply counts are checked every 10 seconds.